 Dungeon Crawl Stone Soup version 0.31-b1-17-gcfd88c8481 (webtiles) character file.

Game seed: 15307896040236264668

380 hawla the Scratcher (level 6, 0/30 HPs)
             Began as a Felid Shapeshifter on Jan 15, 2024.
             Slain by an orc
             ... wielding a +0 flail
              (1 damage)
             ... on level 4 of the Dungeon.
             The game lasted 00:06:24 (2672 turns).

hawla the Scratcher (Felid Shapeshifter)            Turns: 2672, Time: 00:06:25

Health: 0/30       AC:  2    Str: 18    XL:     6   Next: 46%
Magic:  7/7        EV: 19    Int: 13    God:
Gold:   177        SH:  0    Dex: 16    Spells: 5/5 levels left
                                        Lives:  0   Deaths: 2

rFire   . .          .
                       - Unarmed
rCold   . . .        (shield unavailable)
rNeg    . . .        (body armour unavailable)
rPois   .            (helmet unavailable)
rElec   .            (cloak unavailable)
rCorr   .            (gloves unavailable)
SInv    +            (boots unavailable)
Will    .....        (no amulet)
Stlth   ++           i - +6 ring of strength
HPRegen 0.25/turn    (no ring)
MPRegen 0.10/turn

%: no passive effects
@: beast-form
A: beast (slay +2), very small, claws 1, fangs 3, see invisible, shaggy fur 2,
stealthy paws, no weapons or thrown items, no armour, multi-lived
a: Begin Untransformation


You were on level 4 of the Dungeon.
You were a hulking beast.
You visited 1 branch of the dungeon, and saw 4 of its levels.

You collected 177 gold pieces.

Inventory:

Jewellery
 i - a +6 ring of strength (left paw)
Talismans
 b - a beast talisman
 c - a flux talisman
Scrolls
 j - 3 scrolls of blinking
Potions
 a - 2 potions of might
 g - a potion of brilliance


   Skills:
 - Level 1.2 Fighting
 + Level 4.4 Dodging
 - Level 1.9 Stealth
 + Level 5.5 Unarmed Combat
 * Level 4.0 Shapeshifting


You had 5 spell levels left.
You didn't know any spells.
Your spell library was empty.

Dungeon Overview and Level Annotations

Branches:
Dungeon (4/15)
 Temple: D:4-7

Altars:
Cheibriados
Nemelex Xobeh

Shops:
D:3 =


Innate Abilities, Weirdness & Mutations

You are a hulking beast.
Your limbs bulge with bestial killing power. (Slay +2)
You have sharp claws.
You have razor-sharp teeth.
You have supernaturally acute eyesight. (SInv)
You are covered in thick fur. (AC +2)
Your paws help you pounce on unaware monsters.
You are incapable of wielding weapons or throwing items.
You cannot wear armour.
You gain extra lives every three experience levels.


Message History

Cornered, the orc warrior turns to fight!
You hear the hiss of a very distant avalanche of sand.
The orc throws a stone.
The stone hits you but does no damage.
The orc warrior is engulfed in poison gas.
The orc warrior looks as sick as possible!
You kill the orc warrior!
You have reached level 6!
Your fur grows into a thick mane.
The orc throws a stone.
The stone barely misses you.
The orc throws a stone.
The stone closely misses you.
The orc looks more healthy.
You completely miss the orc wizard. You bite the orc wizard.
The orc wizard is moderately wounded.
The orc hits you with a +0 club.
* * * LOW HITPOINT WARNING * * *
The orc wizard closely misses you.
You claw the orc wizard!
You kill the orc wizard!
The orc closely misses you.
Your Shapeshifting skill increases to level 4!
You claw the orc!
You kill the orc!
Things that are here:
a +0 club; 4 stones; an orc corpse
Things that are here:
a +0 club; 4 stones; an orc corpse You barely miss the orc priest.
The orc closely misses you.
The orc priest hits you with a +0 dagger.
* * * LOW HITPOINT WARNING * * *
You scratch the orc priest. You claw the orc priest.
The orc priest is moderately wounded.
The orc hits you with a +0 flail!
* * * LOW HITPOINT WARNING * * *
The orc priest casts a cantrip, but nothing happens.
You barely miss the orc priest.
The orc priest is moderately wounded.
You scratch the orc priest. You bite the orc priest.
You kill the orc priest!
The orc hits you with a +0 flail.
You die...

...... ###......
######........
###......#......
#....)..........
##.######.###.+##
#..# ##.##.##
##..# #.)###.#
#...# #oh.#.#
##.#.# #.##)##
###..#.##.....#.#
#####...##.#....8o
##
......####.....$..
...#### #.#..###.
...# ..#)# .# ...#
.## # ...#


You could see an orc.

Vanquished Creatures
  An orc warrior (D:4)
  A black bear (D:4)
  A bombardier beetle (D:3)
  An orc priest (D:4)
  2 orc wizards
  4 adders
  2 ribbon worms (D:2)
  2 dart slugs
  13 orcs
  3 ball pythons
  5 endoplasms
  A giant cockroach (D:2)
  3 goblins
  3 hobgoblins
  4 jackals (D:1)
  5 kobolds
  3 quokkas
  2 bats
  A frilled lizard (D:2)
  7 rats
64 creatures vanquished.

Notes
Turn   | Place    | Note
-------+----------+-------------------------------------------
     0 | D:1      | hawla the Felid Shapeshifter began the quest for the Orb.
     0 | D:1      | Reached XP level 1. HP: 10/10 MP: 2/2
   138 | D:1      | Reached XP level 2. HP: 7/14 MP: 3/3
   333 | D:1      | Found a faded altar of an unknown god.
  1285 | D:2      | Reached XP level 3. HP: 9/18 MP: 4/4
  1867 | D:3      | Reached skill level 1 in Stealth
  1867 | D:3      | Reached XP level 4. HP: 22/22 MP: 5/5
  1867 | D:3      | Gained a life (2 lives remaining)
  1922 | D:3      | Found Alozekech's Jewellery Shoppe.
  1946 | D:3      | Killed from afar by an orc wizard
  1946 | D:3      | Lost a life (1 life remaining)
  1963 | D:3      | Reached skill level 4 in Unarmed Combat
  1963 | D:3      | Slain by an orc
  1963 | D:3      | Lost a life (0 lives remaining)
  1964 | D:3      | Found a sparkling altar of Nemelex Xobeh.
  2043 | D:3      | Found a snail-covered altar of Cheibriados.
  2224 | D:3      | Reached XP level 5. HP: 25/25 MP: 6/6
  2482 | D:4      | Noticed a black bear
  2492 | D:4      | Killed a black bear
  2555 | D:4      | Reached skill level 5 in Unarmed Combat
  2637 | D:4      | Noticed an orc warrior
  2654 | D:4      | Killed an orc warrior
  2655 | D:4      | Gained mutation: You are covered in thick fur. (AC +2)
                  | [Felid growth]
  2655 | D:4      | Reached XP level 6. HP: 9/30 MP: 7/7
  2670 | D:4      | HP: 1/30 [orc/+0 flail (7)]
  2672 | D:4      | Slain by an orc

Illustrated notes

Levels and vault maps discovered:
D:1:      lightli_arrival_flooded_house, layout_loops_cross,
          ebering_ecumenical_altar_box, serial_forest,
          infiniplex_forest_clump_medium, infiniplex_forest_lined_2,
          infiniplex_forest_end_1, infiniplex_forest_straight_3,
          infiniplex_forest_clump_tiny, infiniplex_forest_diagonal,
          serial_park_tiny_1, chequers_serial_rivers_small_3, kennysheep_doodads
D:2:      layout_loops_corners, minmay_hexomino_f4
D:3:      layout_rooms, kennysheep_slug_shrine, overflow_temple_1_default,
          serial_shops, shop, grunt_decor_arrowhead
D:4:      layout_gridville, nicolae_ossuary_entry_false_entrances, hex_medium,
          nicolae_alphabet_shops, guppyfry_early_orc_mine

Skill      XL: |  1  2  3  4  5  6 |
---------------+-------------------+-----
Shapeshifting  | 3 4 |  4.0
Dodging        | 3 4 |  4.4
Stealth        | 1 |  1.9
Unarmed Combat | 4 5 |  5.5
Fighting       | |  1.2

Action                     |  1- 3 |  4- 6 || total
---------------------------+-------+-------++-------
  Melee: Unarmed           |    80 |    92 ||   172
         Bite              |     5 |     8 ||    13
         Punch             |     2 |     2 ||     4
    Use: Potion            |     1 |     2 ||     3
         Scroll            |     6 |     6 ||    12
   Stab: Sleeping          |     4 |     1 ||     5
 Armour: Skin              |    27 |    47 ||    74
  Dodge: Dodged            |    42 |    96 ||   138
